 Dungeon Crawl Stone Soup version 0.28.0 (webtiles) character file.

Game seed: 10271591390943474367

26 RonnieColeman the Conjurer (level 3, -9/21 HPs)
             Began as an Octopode Conjurer on Mar 7, 2022.
             Mangled by a black bear (12 damage)
             ... on level 3 of the Dungeon.
             The game lasted 00:02:44 (1814 turns).

RonnieColeman the Conjurer (Octopode Conjurer)      Turns: 1814, Time: 00:02:45

Health: -9/21      AC:  1    Str:  6    XL:     3   Next: 8%
Magic:  0/7        EV: 13    Int: 22    God:
Gold:   51         SH:  0    Dex: 10    Spells: 4/7 levels left

rFire   . . .      SeeInvis .   a - +0 rapier
rCold   . . .      Faith    .   (no shield)
rNeg    . . .      Spirit   .   (helmet restricted)
rPois   .          Reflect  .   (no amulet)
rElec   .          Harm     .   (no ring)
rCorr   .          Rampage  .   (no ring)
Will    .....                   (no ring)
Stlth   +++.......              (no ring)
HPRegen 0.07/turn               (no ring)
MPRegen 0.10/turn               (no ring)
                                (no ring)
                                (no ring)

@: no status effects
A: almost no armour, amphibious, 8 rings, camouflage 1, gelatinous body 1,
(nimble swimmer 1), tentacles
a: no special abilities


You were on level 3 of the Dungeon.
You visited 1 branch of the dungeon, and saw 3 of its levels.

You collected 51 gold pieces.

Inventory:

Hand Weapons
 a - a +0 rapier (weapon)
Scrolls
 b - a scroll of teleportation {unknown}
 d - a scroll of identify {unknown}
Potions
 c - a potion of attraction {unknown}
 e - a potion of haste {unknown}


   Skills:
 - Level 2.0 Dodging
 - Level 2.6 Stealth
 * Level 2.9 Spellcasting
 + Level 4.3 Conjurations


You had 4 spell levels left.
You knew the following spells:

 Your Spells              Type           Power      Damage    Failure   Level
a - Magic Dart            Conj           88%        1d7       2%          1
b - Searing Ray           Conj           44%        2d6       3%          2

Your spell library contained the following spells:

 Spells                   Type           Power      Damage    Failure   Level
 Dazzling Flash           Conj/Hex       24%        N/A       16%         3
 Fulminant Prism          Conj/Hex       6%         3d7       45%         4
 Iskenderun's Mystic Bla  Conj/Tloc      12%        2d5       45%         4


Dungeon Overview and Level Annotations

Branches:
Dungeon (3/15)

Altars:


Innate Abilities, Weirdness & Mutations

You cannot wear most types of armour.
You are amphibious.
You can wear up to eight rings at the same time.
Your skin changes colour to match your surroundings (Stealth+).
Your rubbery body absorbs attacks. (AC +1, EV +1)
((You are camouflaged when in or above water. (Stealth+)))
You have tentacles for arms and can constrict up to eight enemies at once.


Message History

Aim: a black bear (lightly wounded, 100% to hit)
The magic dart hits the black bear.
The black bear is moderately wounded.
There is a stone staircase leading up here.
An orc wizard comes into view. It is wielding a +0 dagger.
Casting: Magic Dart (safe; 2% risk of failure)
Confirm with . or Enter, or press ? or * to list all spells.
Aiming: Searing Ray (safe; 3% risk of failure)
Press: ? - help, Shift-Dir - straight line, f/p - black bear
Aim: a black bear (moderately wounded, 84% to hit)
The searing ray hits the black bear!
The black bear is heavily wounded. (Press . to maintain the ray.)
You hit the black bear but do no damage.
You grab the black bear.
The black bear is heavily wounded.
You constrict the black bear, but do no damage.
The black bear bites you. The black bear claws you.
The black bear barely misses you.
You hit the black bear.
The black bear is severely wounded.
You constrict the black bear, but do no damage.
The orc wizard mumbles some strange words.
The orc wizard flickers and vanishes!
Deactivating autopickup; reactivate with Ctrl-A.
The black bear bites you. The black bear claws you. x2
You hit the black bear but do no damage.
You squeeze the black bear.
The black bear is almost dead.
You constrict the black bear.
A magic dart appears from out of thin air!
The magic dart hits you.
* * * LOW HITPOINT WARNING * * *
The black bear goes berserk!
You hit the black bear but do no damage.
You squeeze the black bear.
The black bear is almost dead.
You constrict the black bear. The black bear bites you!
Ouch! That really hurt!
You die...

#...#
#..<#
#...#
#...#
#...#
#...#
###.#
.#######h#
....{..@.#
.#########


You could see a black bear (berserk).

Vanquished Creatures
  2 worms (D:2)
  An orc (D:3)
  2 endoplasms (D:1)
  A giant cockroach (D:2)
  2 goblins
  2 hobgoblins
  A quokka (D:2)
  A ball python (D:3)
  3 frilled lizards
  2 kobolds
  2 rats (D:3)
19 creatures vanquished.

Notes
Turn   | Place    | Note
-------+----------+-------------------------------------------
     0 | D:1      | RonnieColeman the Octopode Conjurer began the quest for the
                  | Orb.
     0 | D:1      | Reached XP level 1. HP: 11/11 MP: 3/3
   820 | D:1      | Reached XP level 2. HP: 16/17 MP: 5/5
  1613 | D:3      | Reached XP level 3. HP: 9/21 MP: 4/7
  1616 | D:3      | Learned a level 2 spell: Searing Ray
  1793 | D:3      | Noticed a black bear
  1814 | D:3      | Mangled by a black bear

Illustrated notes

Levels and vault maps discovered:
D:1:      dpeg_arrival_pond, layout_basic
D:2:      minmay_roachtagon, layout_loops_cross, basic_altar
D:3:      layout_basic, lightli_temple_of_fire, nicolae_gozag_seed_capital,
          jmf_multi_god_temple2, uniq_sigmund

Action                   || total
-------------------------++-------
Melee: Rapier            ||    36
       Constrict         ||     7
       Tentacles         ||     5
 Cast: Magic Dart        ||    13
       Searing Ray       ||     2
 Stab: Sleeping          ||     4
Dodge: Dodged            ||    21
